 Dungeon Crawl Stone Soup version 0.27-a0-1548-gf8a67e7463 (webtiles) character file.

Game seed: 4778382132878141010

4897 garrulousMonolith the Fighter (level 10, -11/78 HPs)
             Began as a Djinni Air Elementalist on July 13, 2021.
             Was a Believer of Makhleb.
             Mangled by a wolf spider zombie (12 damage)
             ... on level 8 of the Dungeon.
             The game lasted 00:17:18 (12149 turns).

garrulousMonolith the Fighter (DjAE)               Turns: 12149, Time: 00:17:19

Health: -11/78     AC:  4    Str:  7    XL:     10   Next: 80%
Gold:   264        EV: 15    Int: 25    God:    Makhleb [**....] SH:  7 Dex: 17

rFire    + + .     SeeInvis +   a - +11 dagger of the Present {venom, rPois Will+ Dex+2}
rCold    x . .     Faith    .   m - +2 buckler
rNeg     . . .     Spirit   .   q - +0 leather armour
rPois    ∞         Reflect  .   (no helmet)
rElec    .         Harm     .   (no cloak)
rCorr    .         Rampage  .   n - +0 pair of gloves
Will     ++...                  (boots unavailable)
Stlth    ++........             (no amulet)
HPRegen  0.23/turn              g - ring of see invisible
MPRegen  0.00/turn              B - +6 ring of intelligence

@: flying
A: sickness immunity, fire resistance 2, cold vulnerability 1, float, innate
caster, hp casting, extra vitality 1
a: Renounce Religion, Minor Destruction


You were on level 8 of the Dungeon.
You worshipped Makhleb.
Makhleb was pleased with you.
You visited 2 branches of the dungeon, and saw 9 of its levels.

You collected 467 gold pieces.
You spent 203 gold pieces at shops.

Inventory:

Hand Weapons
 a - the +11 dagger of the Present (weapon) {venom, rPois Will+ Dex+2}
   (You bought it in a shop on level 5 of the Dungeon)

   It poisons the flesh of those it strikes.
   Dex:       It affects your dexterity (+2).
   rPois:     It protects you from poison.
   Will:      It increases your willpower.
Missiles
 d - 6 boomerangs
 i - 51 poisoned darts (quivered)
 F - a curare-tipped dart
 G - 7 throwing nets
Armour
 m - a +2 buckler (worn)
 n - a +0 pair of gloves (worn)
 q - a +0 leather armour (worn)
Magical Staves
 b - a staff of conjuration
Jewellery
 g - a ring of see invisible (left hand)
 B - a +6 ring of intelligence (right hand)
Wands
 o - a wand of mindburst (9)
 t - a wand of flame (14)
Scrolls
 e - a scroll of noise {unknown}
 f - 2 scrolls of amnesia
 k - a scroll of enchant armour {unknown}
 l - a scroll of fog {unknown}
 s - a scroll of enchant weapon
 v - 6 scrolls of identify
 y - a scroll of blinking {unknown}
 z - a scroll of immolation
 A - a scroll of summoning {unknown}
 D - a scroll of acquirement {unknown}
 E - 2 scrolls of vulnerability {unknown}
 H - a scroll of torment {unknown}
Potions
 c - 2 potions of brilliance
 h - a potion of mutation {unknown}
 j - 2 potions of curing {unknown}
 r - 3 potions of lignification
 u - a potion of ambrosia {unknown}
 w - a potion of haste {unknown}
 x - a potion of might
 C - 2 potions of attraction {unknown}


   Skills:
 * Level 9.0 Fighting
 + Level 7.2 Dodging
 - Level 1.5 Stealth
 - Level 4.0 Shields
 * Level 7.3 Spellcasting
 + Level 3.2 Invocations


You had 4 spell levels left.
You knew the following spells:

 Your Spells              Type           Power      Damage    Failure   Level
a - Shock                 Conj/Air       100%       1d9       1%          1
b - Airstrike             Air            22%        N/A       4%          4
c - Static Discharge      Conj/Air       45%        N/A       1%          2
d - Swiftness             Air            45%        N/A       1%          3
e - Beastly Appendage     Tmut           90%        N/A       1%          1
f - Passwall              Tmut/Erth      37%        N/A       1%          2
g - Spider Form           Tmut/Pois      22%        N/A       1%          3
h - Summon Guardian Gole  Hex/Summ       45%        N/A       1%          3
Your spell library was empty.

Dungeon Overview and Level Annotations

Branches:
Dungeon (8/15)             Temple (1/1) D:4
   Lair: D:8-11

Altars:
Cheibriados
Dithmenos
Elyvilon
Fedhas
Gozag
Hepliaklqana
Kikubaaqudgha
Makhleb
Nemelex Xobeh
Okawaru
Qazlal
Ru
Sif Muna
Trog
Uskayaw
Xom
Yredelemnul
Zin
The Shining One
Beogh

Shops:
D:5 (

Annotations:
D:5 2 transporters, DocClef's ghost, weakling GnDe


Innate Abilities, Weirdness & Mutations

You are immune to sickness and miasma.
You are immune to poison.
Your flesh is very heat resistant. (rF++)
You are vulnerable to cold. (rC-)
You float through the air rather than walking.
You learn spells naturally, not from books.
Your magical power is your life essence.
You have superior vitality. (+4 HP)


Message History

The wolf spider zombie is moderately damaged.
The centaur warrior zombie is struck by an arc of lightning!
The centaur warrior zombie is heavily damaged.
The wolf spider zombie is struck by an arc of lightning.
The wolf spider zombie is heavily damaged.
The centaur warrior zombie is struck by an arc of lightning!
The centaur warrior zombie is severely damaged.
The lightning grounds out.
The wolf spider zombie hits you!
* * * LOW HITPOINT WARNING * * *
The wolf spider zombie bites you.
* * * LOW HITPOINT WARNING * * *
Casting: Static Discharge (safe; 1% risk of failure)
Confirm with . or Enter, or press ? or * to list all spells.
The wolf spider zombie is struck by an arc of lightning.
The wolf spider zombie is heavily damaged.
The lightning grounds out.
* * * LOW HITPOINT WARNING * * *
The sentinel's mark upon you fades away.
The wolf spider zombie hits you!
* * * LOW HITPOINT WARNING * * *
The wolf spider zombie bites you.
* * * LOW HITPOINT WARNING * * *
Okay, then.
Okay, then.
Okay, then.
Okay, then.
The wolf spider zombie hits you.
* * * LOW HITPOINT WARNING * * *
The wolf spider zombie bites you.
* * * LOW HITPOINT WARNING * * *
As you read the scroll labelled YMPOMMY MUEFA, it crumbles to dust.
It is a scroll of enchant weapon.
You aren't carrying any weapons that can be enchanted.
The wolf spider zombie hits you but does no damage.
The wolf spider zombie bites you.
* * * LOW HITPOINT WARNING * * *
As you read the scroll labelled GIZETE GUFOG, it crumbles to dust.
The creatures around you are filled with an inner flame!
It was a scroll of immolation.
The wolf spider zombie hits you!
You die...

...........#..[........# ##.##
...........#...........# #....
...........#...........# ##.#.
########..##...........# #.#.
#..##.........).#####.#.
#.Z##................... #
##z##...........[###..#.
....####.##...................
#......5##..@.........###..#.
#..####.###Z#########........
...####.###Z# #......#)
#......5.).# #.####.#.
#......##### #......#.
######.# #.######. #.#
######.######. #.#
#.....)....... ###
##############


You could see a wolf spider zombie (inner flame) and a centaur warrior zombie
(inner flame).

Vanquished Creatures
  Harold (D:8)
  Pikel (D:8)
  A hellwing (D:8)
  Sigmund (D:5)
  An orc warrior (D:7)
  2 black bears (D:5)
  A sky beast (D:6)
  An ogre (D:5)
  2 wolves (D:7)
  A centaur (D:8)
  3 lemures (D:8)
  A phantom (D:4)
  A kobold brigand (D:7)
  A scorpion (D:7)
  3 bullfrogs
  A wyvern zombie (D:8)
  4 gnoll sergeants (D:7)
  A water moccasin zombie (D:6)
  A wyvern skeleton (D:6)
  A howler monkey (D:6)
  8 wights
  2 centaur zombies
  6 hounds
  2 bullfrog skeletons
  A centaur skeleton (D:4)
  2 orc priests
  4 gnoll shamans (D:7)
  4 iguanas
  An orc wizard (D:3)
  2 killer bee zombies
  35 gnolls
  5 adders
  6 shadow imps
  A white imp (D:5)
  A worm (D:2)
  A dart slug (D:4)
  10 orcs
  7 ball pythons
  10 endoplasms
  5 giant cockroaches
  7 goblins
  7 hobgoblins
  19 jackals
  9 kobolds
  7 quokkas
  3 bats
  7 rats
201 creatures vanquished.

Vanquished Creatures (others)
  2 adders (D:3)
  An orc (D:3)
  A ball python (D:3)
  3 kobolds (D:3)
  2 rats (D:3)
  6 withered plants (D:8)
15 creatures vanquished.

Grand Total: 216 creatures vanquished

Notes
Turn   | Place    | Note
-------+----------+-------------------------------------------
     0 | D:1      | garrulousMonolith the Djinni Air Elementalist began the
                  | quest for the Orb.
     0 | D:1      | Reached XP level 1. HP: 15/15 MP: 0/0
   166 | D:1      | Reached XP level 2. HP: 19/22 MP: 0/0
   224 | D:1      | Reached skill level 1 in Fighting
   649 | D:1      | Reached XP level 3. HP: 24/27 MP: 0/0
   649 | D:1      | Learned a level 1 spell: Beastly Appendage
   685 | D:1      | Found a faded altar of an unknown god.
  1521 | D:2      | Reached XP level 4. HP: 8/33 MP: 0/0
  1831 | D:2      | Reached skill level 2 in Fighting
  2458 | D:3      | Found a shimmering altar of Xom.
  2637 | D:3      | Reached XP level 5. HP: 30/39 MP: 0/0
  2637 | D:3      | Learned a level 2 spell: Passwall
  2859 | D:3      | Reached skill level 1 in Shields
  3211 | D:3      | Reached skill level 3 in Fighting
  3312 | D:3      | Reached XP level 6. HP: 45/46 MP: 0/0
  4452 | D:4      | Found a staircase to the Ecumenical Temple.
  4462 | Temple   | Entered the Ecumenical Temple
  4709 | Temple   | Became a worshipper of Makhleb the Destroyer
  4838 | D:5      | Entered Level 5 of the Dungeon
  4838 | D:5      | Noticed Sigmund
  4838 | D:5      | Noticed a black bear
  5126 | D:5      | Reached XP level 7. HP: 45/50 MP: 0/0
  5126 | D:5      | Learned a level 3 spell: Spider Form
  5334 | D:5      | Reached skill level 4 in Fighting
  5483 | D:5      | Found a transporter.
  5488 | D:5      | Noticed DocClef's ghost (weakling GnDe)
  5709 | D:5      | Killed Sigmund
  5710 | D:5      | Reached XP level 8. HP: 31/58 MP: 0/0
  6063 | D:5      | Found Ukoheiz's Antique Weapon Boutique.
  6068 | D:5      | Bought a masterwork dagger for 203 gold pieces
  6068 | D:5      | Identified the +11 dagger of the Present {venom, rPois
                  | Will+ Dex+2} (You bought it in a shop on level 5 of the
                  | Dungeon)
  6173 | D:5      | Found a transporter.
  6454 | D:6      | Reached skill level 5 in Fighting
  7032 | D:6      | Reached skill level 5 in Spellcasting
  7058 | D:6      | Reached skill level 5 in Dodging
  7443 | D:6      | Reached XP level 9. HP: 63/66 MP: 0/0
  7443 | D:6      | Learned a level 3 spell: Summon Guardian Golem
  7484 | D:6      | Reached skill level 6 in Fighting
  8073 | D:7      | Reached * piety under Makhleb
  9261 | D:7      | Reached skill level 7 in Fighting
 10184 | D:7      | Reached ** piety under Makhleb
 10225 | D:7      | Reached skill level 1 in Invocations
 10225 | D:7      | Reached XP level 10. HP: 22/76 MP: 0/0
 10951 | D:8      | Noticed Pikel
 10965 | D:8      | Noticed Harold
 10976 | D:8      | Killed Pikel
 10977 | D:8      | Reached skill level 8 in Fighting
 12107 | D:8      | Killed Harold
 12143 | D:8      | Reached skill level 9 in Fighting
 12146 | D:8      | HP: 3/78 [wolf spider zombie (1)]
 12147 | D:8      | HP: 1/78 [wolf spider zombie (1)]
 12149 | D:8      | Mangled by a wolf spider zombie

Illustrated notes

Levels and vault maps discovered:
D:1:      tarquinn_simple_flora_water_d, layout_rooms,
          hellmonk_ecumenical_altar_lost_god
D:2:      layout_basic
D:3:      layout_basic, xom_confusion_cloud, kennysheep_orc_chapel
D:4:      layout_rooms, minmay_temple_entry_glassed_door
D:5:      layout_loops_ring, serial_shops, kennysheep_little_box,
          gammafunk_ghost_arena, uniq_sigmund
D:6:      layout_gridville, serial_park_tiny_1
D:7:      layout_cave_pools, serial_gnoll_camp, gnoll_camp_medium_02,
          gnoll_camp_mini_house, gnoll_camp_mini_house,
          gnoll_camp_mini_doghouse, gnoll_camp_huts_basic,
          kennysheep_generic_room_3
D:8:      cheibrodos_grave_circle, layout_basic, uniq_maurice, uniq_pikel,
          uniq_harold, uniq_joseph
Temple:   dpeg_five_rooms_temple

Skill      XL: |  1  2  3  4  5  6  7  8  9 10 |
---------------+-------------------------------+-----
Fighting       | 1 2 3 4 5 7 9 |  9.0
Spellcasting   | 3 4 5 6 7 |  7.3
Dodging        | 3 4 5 6 7 |  7.2
Shields        | 1 2 3 4 |  4.0
Invocations    | 1 3 |  3.2
Stealth        | |  1.5

Action                   |  1- 3 |  4- 6 |  7- 9 | 10-12 || total
-------------------------+-------+-------+-------+-------++-------
Melee: Unarmed           |     5 |       |    10 |       ||    15
       Dagger            |       |       |    66 |    12 ||    78
       Staff             |       |       |       |     1 ||     1
Throw: Dart              |     1 |       |       |       ||     1
 Cast: Shock             |    71 |   138 |   192 |    79 ||   480
       Static Discharge  |     3 |    13 |    39 |    27 ||    82
       Passwall          |       |       |     1 |       ||     1
       Spider Form       |       |       |     1 |       ||     1
       Airstrike         |       |       |    11 |     8 ||    19
Evoke: Wand              |       |     2 |     7 |     2 ||    11
  Use: Scroll            |       |     2 |       |     7 ||     9
       Potion            |       |       |     2 |     1 ||     3
Armor: Robe              |     2 |     1 |       |       ||     3
       Leather armour    |       |     9 |    15 |    22 ||    46
Dodge: Dodged            |    17 |    22 |    85 |    46 ||   170
Block: Buckler           |       |    17 |    52 |    31 ||   100

Table legend: (Time is in decaauts)
 A = Elapsed time spent in this place.
 B = Non-inter-level travel time spent in this place.
 C = Inter-level travel time spent in this place.
 D = Time resting spent in this place.
 E = Time spent auto-exploring this place.
 F = Levels seen in this place.
 G = Mean time per level.
                   A        B        C        D        E       F      G
               +--------+--------+--------+--------+--------+-----+--------+
         Total |  12147 |  11839 |    308 |   3637 |   6864 |   9 | 1349.7 |
       Dungeon |  11848 |  11625 |    223 |   3637 |   6652 |   8 | 1481.0 |
        Temple |    298 |    213 |     85 |      0 |    212 |   1 |  298.0 |
               +--------+--------+--------+--------+--------+-----+--------+

Top non-repeatable levels by time:
     D:7: 3461 daAuts
     D:6: 1501 daAuts
     D:3: 1331 daAuts
     D:5: 1326 daAuts
     D:1: 1287 daAuts
     D:2: 1084 daAuts
     D:4: 1004 daAuts
     D:8: 850 daAuts
  Temple: 298 daAuts
